 Dungeon Crawl Stone Soup version 0.22-a0-422-g9628fc8 (webtiles) character file.

58 raistware the Magician (level 3, -1/24 HPs)
             Began as a Mummy Wizard on May 16, 2018.
             Slain by Robin
             ... wielding a +0 club
              (2 damage)
             ... on level 2 of the Dungeon.
             The game lasted 00:05:03 (1413 turns).

raistware the Magician (Mummy Wizard)               Turns: 1413, Time: 00:05:04

Health: -1/24      AC:  2    Str: 10    XL:     3   Next: 75%
Magic:  0/8        EV: 12    Int: 18    God:
Gold:   66         SH:  0    Dex: 10    Spells: 2/10 levels left

rFire    x . .     SeeInvis .   c - +0 mace
rCold    + . .     Gourm    .   (no shield)
rNeg     + + +     Faith    .   a - +0 robe
rPois    ∞         Spirit   .   b - +0 hat
rElec    .         Reflect  .   (no cloak)
rCorr    .         Harm     .   (no gloves)
MR       .....                  (no boots)
Stlth    ++........             (no amulet)
HPRegen  0.08/turn              (no ring)
MPRegen  0.11/turn              (no ring)

@: very slightly contaminated
A: no food or potions, fire vulnerability, cold resistance 1, negative energy
resistance 3, torment resistance, unbreathing
a: no special abilities


You were on level 2 of the Dungeon.
You were not hungry.

You visited 1 branch of the dungeon, and saw 2 of its levels.

You collected 66 gold pieces.

Inventory:

Hand Weapons
 c - a +0 mace (weapon)
Missiles
 d - 6 javelins of penetration (quivered)
Armour
 a - a +0 robe (worn)
 b - a +0 hat (worn)
Scrolls
 e - a scroll of identify {unknown}


   Skills:
 - Level 1.5 Dodging
 - Level 1.5 Stealth
 + Level 4.4 Spellcasting
 * Level 2.7 Conjurations
 - Level 0.7 Summonings
 - Level 0.7 Translocations
 + Level 0.0 Fire Magic


You had 2 spell levels left.
You knew the following spells:

 Your Spells              Type           Power        Failure   Level  Hunger
a - Magic Dart            Conj           ##..         4%          1    N/A
b - Blink                 Tloc           N/A          16%         2    N/A
c - Call Imp              Summ           #.......     16%         2    N/A
d - Conjure Flame         Conj/Fire      #.......     24%         3    N/A

Your spell library contained the following spells:

 Spells                   Type           Power        Failure   Level  Hunger
 Slow                     Hex            #.......     22%         2    N/A
 Mephitic Cloud           Conj/Pois/Air  #.......     28%         3    N/A

Dungeon Overview and Level Annotations

Branches:
Dungeon (2/15)

Altars:

Annotations:
D:2 Robin


Innate Abilities, Weirdness & Mutations

You do not eat or drink.
Your flesh is vulnerable to fire.
You are immune to poison.
Your flesh is cold resistant. (rC+)
You are immune to negative energy. (rN+++)
You are immune to unholy pain and torment.
You can survive without breathing.


Message History

You hit Robin.
Robin is severely wounded.
Robin misses you. The goblin hits you with a club. Robin hits you with a club!
* * * LOW HITPOINT WARNING * * *
Casting: Magic Dart (safe; 4% risk of failure)
Confirm with . or Enter, or press ? or * to list all spells.
Okay, then.
You hear a shout!
Robin hits you with a club.
* * * LOW HITPOINT WARNING * * *
You see here a club.
Casting: Magic Dart (safe; 4% risk of failure)
Confirm with . or Enter, or press ? or * to list all spells.
Aiming: Magic Dart (safe; 4% risk of failure)
Press: ? - help, Shift-Dir - straight line, f/p - Robin
Aim: Robin, wielding a club, wearing an animal skin and wearing a helmet (severely wounded, berserk, fast, unusually strong)
The magic dart hits Robin.
Robin is severely wounded.
Robin hits you with a club.
You die...

### ##.## ##...##
#####.....################
>...........)....÷.......#
#####....@.############...
##..g#.# #.... ###.##.#
#.(.. #.#g##.# #....
#gg##.# #.... ##.##.#
#.#<# .....# #.#.# .##.###
#.#.# #. ). #....


You could see Robin (berserk) and 2 goblins.

Vanquished Creatures
  2 adders (D:2)
  3 leopard geckos (D:1)
  A giant cockroach (D:1)
  9 goblins
  2 hobgoblins
  4 jackals (D:1)
  5 kobolds
  A ball python (D:1)
  4 bats (D:1)
  A frilled lizard (D:1)
  3 rats
35 creatures vanquished.

Notes
Turn   | Place    | Note
-------+----------+-------------------------------------------
     0 | D:1      | raistware the Mummy Wizard began the quest for the Orb.
     0 | D:1      | Reached XP level 1. HP: 13/13 MP: 5/5
    18 | D:1      | Reached skill level 1 in Conjurations
   325 | D:1      | Reached XP level 2. HP: 19/19 MP: 4/7
   329 | D:1      | Learned a level 2 spell: Blink
   332 | D:1      | Learned a level 2 spell: Call Imp
  1003 | D:1      | Reached XP level 3. HP: 24/24 MP: 6/8
  1008 | D:1      | Learned a level 3 spell: Conjure Flame
  1345 | D:2      | Noticed Robin
  1411 | D:2      | HP: 1/24 [Robin/club (6)]
  1413 | D:2      | Slain by Robin

Vault maps used:
D:1:      minmay_arrival_split_and_join
D:2:      uniq_robin

Skill      XL: |  1  2 |
---------------+-------+-----
Conjurations   | 1 2 |  2.7
Dodging        | |  1.5
Stealth        | |  1.5
Spellcasting   | |  4.4
Summonings     | |  0.7
Translocations | |  0.7

Action                   || total
-------------------------++-------
Melee: Mace              ||    17
 Cast: Magic Dart        ||    80
 Stab: Sleeping          ||     1
Armor: Robe              ||    10
Dodge: Dodged            ||    28

Table legend:
 A = Spawn XP
 B = Non-spawn XP
 C = Spawn XP percentage of total XP
 D = Spawn monster count
 E = Non-spawn monster count
 F = Spawn count percentage of total count
 G = Total turns spent on level
                    A         B        C        D         E        F      G
               +---------+---------+-------+---------+---------+-------+---------
         Total |       0 |      83 |   0.0 |       0 |      35 |   0.0 |  1413
               +---------+---------+-------+---------+---------+-------+---------
           D:1 |       0 |      43 |   0.0 |       0 |      24 |   0.0 |  1099
           D:2 |       0 |      40 |   0.0 |       0 |      11 |   0.0 |   314
               +---------+---------+-------+---------+---------+-------+---------
